 Dungeon Crawl Stone Soup version 0.24.0-37-gcf1ca852f1 (webtiles) character file.

Game seed: 4469251282201496290, levelgen mode: deterministic

84 Iamsoldier the Skirmisher (level 4, -13/37 HPs)
             Began as a Demonspawn Berserker on Dec 6, 2019.
             Was a Believer of Trog.
             Mangled by a gnoll
             ... wielding a +0 halberd
              (15 damage)
             ... on level 2 of the Dungeon.
             The game lasted 00:04:10 (1537 turns).

Iamsoldier the Skirmisher (Demonspawn Berserker)    Turns: 1537, Time: 00:04:11

Health: -13/37     AC:  5    Str: 18    XL:     4   Next: 24%
Magic:  4/4        EV: 12    Int:  9    God:    Trog [**....]
Gold:   102        SH:  0    Dex: 12    Spells: 3/3 levels left

rFire    . . .     SeeInvis .     - Unarmed
rCold    . . .     Gourm    .   (no shield)
rNeg     + . .     Faith    .   m - +0 animal skin
rPois    .         Spirit   .   l - +0 helmet
rElec    .         Reflect  .   k - +0 cloak
rCorr    .         Harm     .   i - +0 pair of gloves
MR       .....                  (no boots)
Stlth    +.........             (no amulet)
HPRegen  0.12/turn              e - ring of positive energy
MPRegen  0.09/turn              (no ring)

@: no status effects
A: powered by death 1
a: Berserk, Trog's Hand, Renounce Religion


You were on level 2 of the Dungeon.
You worshipped Trog.
Trog was pleased with you.
You were not hungry.

You visited 1 branch of the dungeon, and saw 2 of its levels.

You collected 102 gold pieces.

Inventory:

Hand Weapons
 a - a +4 hunting sling
Missiles
 p - 2 stones (quivered)
Armour
 i - a +0 pair of gloves (worn)
 k - a +0 cloak (worn)
 l - a +0 helmet (worn)
 m - a +0 animal skin (worn)
Jewellery
 e - a ring of positive energy (left hand)
Wands
 o - a wand of paralysis (14)
Scrolls
 d - a scroll of fog {unknown}
 f - a scroll of teleportation
 r - a scroll of identify
Potions
 g - a potion of lignification
 h - a potion of resistance
 j - a potion of curing {unknown}
 n - a potion of magic {unknown}
Comestibles
 b - 2 rations
 c - 9 chunks of flesh


   Skills:
 * Level 3.8 Fighting
 + Level 2.3 Armour
 + Level 2.3 Dodging
 * Level 3.4 Unarmed Combat


You had 3 spell levels left.
You didn't know any spells.
Your spell library was empty.

Dungeon Overview and Level Annotations

Branches:
Dungeon (2/15)

Altars:
The Shining One


Innate Abilities, Weirdness & Mutations

You regenerate a little health from kills.


Message History

2 gnolls come into view.
The gnoll shouts! x2
The gnoll throws a throwing net.
The throwing net misses you.
You see here a throwing net.
The gnoll throws a throwing net.
The throwing net barely misses you.
Found a mace.
You see here a throwing net.
There is a stone staircase leading up here.
The gnoll hits you with a +0 halberd! The gnoll barely misses you.
You see here a throwing net.
The gnoll hits you from afar with a +0 halberd.
There is a stone staircase leading up here.
The gnoll barely misses you. x2; The gnoll misses you.
There is a stone staircase leading up here.
The gnoll hits you from afar with a +0 halberd!
* * * LOW HITPOINT WARNING * * *
The gnoll hits you with a +0 halberd.
* * * LOW HITPOINT WARNING * * *
The gnoll hits you with a +0 halberd!
You die...

##....รทรท.........##.##...#...#
.................##.###......#
##...............##..###..##.#
##....................######.#
##........................
##.......................
##.....#................
###########...g........
#..@gg......) #............
##........... ##.....#....
###########


You could see 3 gnolls.

Vanquished Creatures
  2 adders (D:2)
  An ooze (D:1)
  3 worms (D:2)
  2 dart slugs (D:1)
  2 giant cockroaches
  5 goblins
  4 hobgoblins
  5 jackals
  7 kobolds
  A quokka (D:2)
  4 bats
  5 frilled lizards
  8 rats (D:1)
49 creatures vanquished.

Notes
Turn   | Place    | Note
-------+----------+-------------------------------------------
     0 | D:1      | Iamsoldier the Demonspawn Berserker began the quest for the
                  | Orb.
     0 | D:1      | Reached XP level 1. HP: 18/18 MP: 1/1
   173 | D:1      | Gained mutation: You regenerate a little health from kills.
                  | [demonic ancestry]
   173 | D:1      | Reached XP level 2. HP: 21/24 MP: 2/2
   673 | D:1      | Reached ** piety under Trog
   858 | D:1      | Reached XP level 3. HP: 27/29 MP: 3/3
  1158 | D:2      | Found a glowing golden altar of the Shining One.
  1381 | D:2      | Reached XP level 4. HP: 33/37 MP: 4/4
  1537 | D:2      | Mangled by a gnoll

Levels and vault maps discovered:
D:1:      erik_arrival_triangle_medium, layout_rooms, st_stairs_11
D:2:      layout_rooms, tso_metal_star, minmay_strange_pillars, minmay_cupped

Skill      XL: |  1  2 |
---------------+-------+-----
Dodging        | 2 |  2.3
Armour         | 2 |  2.3
Unarmed Combat | 3 |  3.4
Fighting       | |  3.8

Action                   |  1- 3 |  4- 6 || total
-------------------------+-------+-------++-------
Melee: Unarmed           |   140 |    31 ||   171
       Punch             |     4 |       ||     4
  Use: Scroll            |     3 |       ||     3
  Eat: Chunk             |     1 |     1 ||     2
Armor: Animal skin       |    28 |     8 ||    36
Dodge: Dodged            |    99 |    21 ||   120
